 Dungeon Crawl Stone Soup version 0.18-a0-1121-gb454403 (webtiles) character file.

102 Chiseanne the Skirmisher (level 4, 0/38 HPs)
             Began as a Centaur Air Elementalist on Jan 18, 2016.
             Slain by an adder (2 damage)
             ... on level 3 of the Dungeon.
             The game lasted 00:04:57 (3448 turns).

Chiseanne the Skirmisher (Centaur Air Elementalist) Turns: 3448, Time: 00:04:57

Health: 0/38       AC:  6    Str: 11    XL:     4   Next: 49%
Magic:  6/6        EV:  9    Int: 15    God:
Gold:   140        SH:  3    Dex:  9    Spells: 1 memorised, 5 levels left

rFire  . . .     SeeInvis .     s - +2 flail (holy)
rCold  . . .     Gourm    .     q - +0 robe
rNeg   . . .     Faith    .     g - +0 buckler
rPois  .         Spirit   .     r - +0 helmet
rElec  .         Dismiss  .     x - +0 cloak
rCorr  .         Reflect  .     (no gloves)
SustAt .         Harm     .     (no barding)
MR     .....                    (no amulet)
Stlth  +.........               (no ring)
                                (no ring)

@: lethally poisoned (0 -> -10), very slightly contaminated, invisible, very
quick, not resistant to hostile enchantments, very unstealthy
A: hooves 3, deformed body, speed 2, tough skin 3
a: no special abilities


You were on level 3 of the Dungeon.
You were not hungry.

You visited 1 branch of the dungeon, and saw 3 of its levels.

You collected 140 gold pieces.

Inventory:

Hand Weapons
 a - a +1 dagger of flaming
 s - a +2 flail of holy wrath (weapon)
Missiles
 f - 81 bolts
 h - 67 sling bullets
 k - 18 poisoned needles
 l - 66 arrows
 p - 15 sling bullets of flame
Armour
 g - a +0 buckler (worn)
 q - a +0 robe (worn)
 r - a +0 helmet (worn)
 x - a +0 cloak (worn)
Jewellery
 o - a +3 ring of evasion {unknown}
 v - a +4 ring of strength {unknown}
Scrolls
 i - 2 scrolls of enchant armour {unknown}
 m - a scroll of remove curse {unknown}
 u - 2 scrolls of identify {unknown}
Potions
 n - a potion of ambrosia {unknown}
 t - a potion of flight {unknown}
Books
 b - a book of Air

   Spells                             Type                      Level
   a - Shock                          Conjuration/Air              1
   b - Swiftness                      Charms/Air                   2
   c - Repel Missiles                 Charms/Air                   2
   d - Static Discharge               Conjuration/Air              3
   e - Lightning Bolt                 Conjuration/Air              5
Comestibles
 c - 3 bread rations
 j - a meat ration
 w - a chunk of flesh


   Skills:
 * Level 3.0 Fighting
 - Level 1.3 Dodging
 - Level 1.2 Stealth
 * Level 1.9 Shields
 - Level 1.5 Spellcasting
 - Level 0.8 Conjurations
 - Level 2.6 Air Magic


You had 5 spell levels left.
You knew the following spells:

 Your Spells              Type           Power        Failure   Level  Hunger
a - Shock                 Conj/Air       #...         14%         1    ##.....


Dungeon Overview and Level Annotations

Branches:
Dungeon (3/15)

Altars:
Dithmenos
Fedhas
Kikubaaqudgha
Zin
The Shining One


Innate Abilities, Weirdness & Mutations

You have hooves in place of feet.
Armour fits poorly on your strangely shaped body.
You cover ground very quickly.
You have extremely tough skin (AC +3).


Message History

You feel sick.
* * * LOW HITPOINT WARNING * * *
You feel sick.
* * * LOW HITPOINT WARNING * * *
You feel sick.
Drink which item? (? for menu, Esc to quit)
It was a potion of invisibility.
You fade into invisibility!
* * * LOW HITPOINT WARNING * * *
You feel sick. The adder closely misses you.
You are very lightly contaminated with residual magic.
Drink which item? (? for menu, Esc to quit)
You fade further into invisibility.
* * * LOW HITPOINT WARNING * * *
You feel sick. The adder closely misses you.
Drink which item? (? for menu, Esc to quit)
It was a potion of magic.
Magic courses through your body.
* * * LOW HITPOINT WARNING * * *
You feel sick. The adder bites you.
You die...

#.# .. ...##
#.########.### #...###
###....>..##... .....
....#####.##..# ...####
#.......†.##..# ##$....#
#<#.#####.##..####......#
#.#†# #.........?.....#
..#.# #.#.....##......#
###.# #.#.....@SS.....#
#<#####.#.....#####!###
#.............# .#
#####.....#.### ..
#.......>..# ...
#.##.....#...... .... #
##...######## ...## ##.##
..## #.#


You could see 2 adders.

Vanquished Creatures
  3 gnolls
  2 adders (D:2)
  2 worms (D:2)
  2 giant geckos
  2 giant cockroaches
  10 goblins
  7 hobgoblins
  3 kobolds
  6 bats
  A giant newt (D:1)
  9 rats
47 creatures vanquished.

Notes
Turn   | Place    | Note
--------------------------------------------------------------
     0 | D:1      | Chiseanne the Centaur Air Elementalist began the quest for the Orb.
     0 | D:1      | Reached XP level 1. HP: 14/14 MP: 3/3
   397 | D:1      | Reached skill level 1 in Fighting
   723 | D:1      | Reached XP level 2. HP: 11/23 MP: 4/4
  1133 | D:1      | Reached skill level 1 in Shields
  1422 | D:1      | Reached XP level 3. HP: 22/29 MP: 5/5
  2401 | D:2      | Reached XP level 4. HP: 2/37 MP: 0/6
  2950 | D:2      | Found a glowing silver altar of Zin.
  2958 | D:2      | Found a shadowy altar of Dithmenos.
  2962 | D:2      | Found an ancient bone altar of Kikubaaqudgha.
  3338 | D:2      | Found a blossoming altar of Fedhas.
  3338 | D:2      | Found a glowing golden altar of the Shining One.
  3405 | D:3      | Reached skill level 3 in Fighting
  3448 | D:3      | Slain by an adder

Vault maps used:
D:1:      dpeg_chamrin_arrival_tetris, serial_bayou_pond_d
D:2:      grunt_temple_overflow_diamond, gammafunk_temple_overflow_wave
D:3:      first_bread

Action                   |  1- 3 |  4- 6 || total
-------------------------+-------+-------++-------
Melee: Dagger            |    88 |       ||    88
       Flail             |    36 |    54 ||    90
 Cast: Shock             |    25 |     1 ||    26
  Use: Potion            |       |     3 ||     3
  Eat: Chunk             |     4 |     3 ||     7
